 Dungeon Crawl Stone Soup version 0.29-a0-870-g2c972031a6 (webtiles) character file.

Game seed: 2776752615163004079

22 xian the Trooper (level 2, 0/24 HPs)
             Began as a Demonspawn Abyssal Knight on July 17, 2022.
             Was a Believer of Lugonu.
             Slain by an endoplasm (2 damage)
             ... on level 2 of the Dungeon.
             The game lasted 00:02:01 (1393 turns).

xian the Trooper (Demonspawn Abyssal Knight)        Turns: 1393, Time: 00:02:02

Health: 0/24       AC:  8    Str: 13    XL:     2   Next: 68%
Magic:  3/3        EV:  6    Int: 11    God:    Lugonu [**....]
Gold:   64         SH:  0    Dex: 13    Spells: 1/1 levels left

rFire   + . .      SeeInvis .   a - +1 falchion
rCold   . . .      Faith    .   (no shield)
rNeg    . . .      Spirit   .   g - +0 chain mail
rPois   .          Reflect  .   (no helmet)
rElec   .          Harm     .   (no cloak)
rCorr   .          Rampage  .   (no gloves)
Will    .....                   (no boots)
Stlth   ..........              (no amulet)
HPRegen 0.08/turn               k - ring of protection from fire
MPRegen 0.08/turn               (no ring)

@: no status effects
A: demonic touch 1
a: Renounce Religion, Depart the Abyss, Bend Space


You were on level 2 of the Dungeon.
You worshipped Lugonu.
Lugonu was pleased with you.
You visited 1 branch of the dungeon, and saw 2 of its levels.
You visited the Abyss 1 time.

You collected 64 gold pieces.

Inventory:

Hand Weapons
 a - a +1 falchion (weapon)
Armour
 b - a +0 leather armour
 g - a +0 chain mail (worn)
Jewellery
 k - a ring of protection from fire (left hand)
Scrolls
 c - 2 scrolls of teleportation
 e - a scroll of silence {unknown}
 h - a scroll of immolation
 j - a scroll of enchant weapon
Potions
 d - a potion of curing {unknown}
 f - a potion of lignification {unknown}
 i - a potion of heal wounds {unknown}


   Skills:
 + Level 3.2 Fighting
 + Level 2.1 Long Blades
 + Level 2.1 Armour
 + Level 1.2 Dodging
 + Level 2.6 Invocations


You had one spell level left.
You didn't know any spells.
Your spell library was empty.

Dungeon Overview and Level Annotations

Branches:
Dungeon (2/15)

Altars:


Innate Abilities, Weirdness & Mutations

Your touch may inflict minor irresistible damage on your foes.


Message History

An endoplasm comes into view. x2
The endoplasm moves out of view.
An endoplasm comes into view.
Found a scroll of identify.
Found a stone staircase leading up and a stone staircase leading down.
The endoplasm quivers.
The endoplasm freezes you.
You are frozen.
You hit the endoplasm. Your touch misses the endoplasm.
The endoplasm is moderately wounded.
The endoplasm freezes you.
You are frozen.
The endoplasm barely misses you.
You hit the endoplasm.
The endoplasm is heavily wounded.
The endoplasm freezes you.
You are frozen.
The endoplasm freezes you.
You are frozen.
The endoplasm freezes you.
You are frozen.
The endoplasm barely misses you. The endoplasm closely misses you.
You hit the endoplasm but do no damage.
You touch the endoplasm.
You kill the endoplasm!
Lugonu accepts your kill.
The endoplasm hits you but does no damage.
The endoplasm attacks as you move away!
The endoplasm hits you but does no damage.
You hit the endoplasm but do no damage.
The endoplasm hits you but does no damage.
You barely miss the endoplasm. The endoplasm freezes you.
You are frozen.
* * * LOW HITPOINT WARNING * * *
The endoplasm freezes you.
You are frozen.
* * * LOW HITPOINT WARNING * * *
You hit the endoplasm.
The endoplasm is severely wounded.
The endoplasm hits you.
You die...

+... ...>..?...
#...##........#
<.............#
..............#
...............
..............#
.......J......#
.######J#.....#
#.######@#.....#
.........# ....#
#........# ....#
########.# ##..
#.# #.
######'#+##
#...(.....#
#.........+
#.........#


You could see 2 endoplasms.

Vanquished Creatures
  5 endoplasms
  3 giant cockroaches
  2 goblins (D:1)
  A hobgoblin (D:1)
  A quokka (D:1)
  2 ball pythons (D:1)
  2 bats (D:1)
  2 kobolds (D:1)
  A rat (D:1)
19 creatures vanquished.

Notes
Turn   | Place    | Note
-------+----------+-------------------------------------------
     0 | Abyss:1  | xian the Demonspawn Abyssal Knight began the quest for the
                  | Orb.
     0 | Abyss:1  | Reached XP level 1. HP: 18/18 MP: 2/2
     1 | D:1      | Escaped the Abyss
    89 | D:1      | Reached skill level 1 in Dodging
   108 | D:1      | Gained mutation: Your touch may inflict minor irresistible
                  | damage on your foes. [demonic ancestry]
   108 | D:1      | Reached XP level 2. HP: 7/24 MP: 3/3
  1393 | D:2      | Slain by an endoplasm

Illustrated notes

Levels and vault maps discovered:
D:1:      nagdon_arrival_zigzag_paths, layout_loops_corners
D:2:      layout_basic, serial_shops, nicolae_square_shop

Skill      XL: |  1  2 |
---------------+-------+-----
Long Blades    | 2 |  2.1
Dodging        | 1 |  1.2
Armour         | 2 |  2.1
Fighting       | |  3.2
Invocations    | |  2.6

Action                   || total
-------------------------++-------
Melee: Falchion          ||    45
       Punch             ||     1
       Touch             ||     6
  Use: Scroll            ||     3
Armor: Leather armour    ||    11
       Chain mail        ||    14
Dodge: Dodged            ||    31

Table legend: (Time is in decaauts)
 A = Elapsed time spent in this place.
 B = Non-inter-level travel time spent in this place.
 C = Inter-level travel time spent in this place.
 D = Time resting spent in this place.
 E = Time spent auto-exploring this place.
 F = Levels seen in this place.
 G = Mean time per level.
                   A        B        C        D        E       F      G
               +--------+--------+--------+--------+--------+-----+--------+
         Total |   1401 |   1368 |     33 |    191 |    941 |   3 |  467.0 |
       Dungeon |   1400 |   1367 |     33 |    191 |    941 |   2 |  700.0 |
         Abyss |      1 |      1 |      0 |      0 |      0 |   1 |    1.0 |
               +--------+--------+--------+--------+--------+-----+--------+

Top non-repeatable levels by time:
     D:1: 1261 daAuts
     D:2: 138 daAuts
 Abyss:1: 1 daAuts
